 Dungeon Crawl Stone Soup version 0.22-a0-271-gc000056 (webtiles) character file.

22 tidbits the Insei (level 2, -7/23 HPs)
             Began as a Gnoll Transmuter on Mar 11, 2018.
             Mangled by a worm (10 damage)
             ... on level 2 of the Dungeon.
             The game lasted 00:02:15 (244 turns).

tidbits the Insei (Gnoll Transmuter)                 Turns: 244, Time: 00:02:16

Health: -7/23      AC:  2    Str: 12    XL:     2   Next: 91%
Magic:  7/7        EV: 14    Int: 15    God:
Gold:   37         SH:  0    Dex: 15    Spells: 7/10 levels left

rFire    . . .     SeeInvis .     - Unarmed
rCold    . . .     Gourm    .   (no shield)
rNeg     . . .     Faith    .   b - +0 robe
rPois    .         Spirit   .   (no helmet)
rElec    .         Reflect  .   (no cloak)
rCorr    .         Harm     .   (no gloves)
MR       .....                  (no boots)
Stlth    ++........             (no amulet)
HPRegen  0.07/turn              (no ring)
MPRegen  0.10/turn              (no ring)

@: appendage
A: distributed training, fangs 1, horns 2, strong nose
a: End Transformation


You were on level 2 of the Dungeon.
You were full.
You had grown temporary horns.
You visited 1 branch of the dungeon, and saw 2 of its levels.

You collected 37 gold pieces.

Inventory:

Missiles
 a - 33 arrows
 c - 13 stones (quivered)
Armour
 b - a +0 robe (worn)
 h - a cursed +0 ring mail
Scrolls
 e - a scroll of enchant weapon {unknown}
 g - a scroll of identify {unknown}
 i - a scroll of enchant armour {unknown}
Potions
 f - a potion of lignification {unknown}
Comestibles
 d - 2 rations


   Skills:
 + Level 2.5 Fighting
 + Level 0.5 Short Blades
 + Level 0.5 Long Blades
 + Level 0.5 Axes
 + Level 0.5 Maces & Flails
 + Level 0.5 Polearms
 + Level 0.5 Staves
 + Level 0.5 Slings
 + Level 0.5 Bows
 + Level 0.5 Crossbows
 + Level 0.5 Throwing
 + Level 0.5 Armour
 + Level 4.5 Dodging
 + Level 0.5 Stealth
 + Level 0.5 Shields
 + Level 6.5 Unarmed Combat
 + Level 4.9 Spellcasting
 + Level 0.4 Conjurations
 + Level 0.4 Hexes
 + Level 0.4 Charms
 + Level 0.4 Summonings
 + Level 0.4 Necromancy
 + Level 0.4 Translocations
 + Level 3.7 Transmutations
 + Level 0.4 Fire Magic
 + Level 0.4 Ice Magic
 + Level 0.4 Air Magic
 + Level 0.4 Earth Magic
 + Level 0.4 Poison Magic
 + Level 0.7 Invocations
 + Level 0.5 Evocations


You had 7 spell levels left.
You knew the following spells:

 Your Spells              Type           Power        Failure   Level  Hunger
e - Beastly Appendage     Tmut           ##....       3%          1    None
k - Sticks to Snakes      Tmut           ##......     5%          2    ##.....


Dungeon Overview and Level Annotations

Branches:
Dungeon (2/15)

Altars:
The Shining One


Innate Abilities, Weirdness & Mutations

Your experience applies equally to all skills.
You have very sharp teeth.
Your uncanny sense of smell can sniff out nearby items.
You have a pair of horns on your head.


Message History

The adder barely misses you.
Your water moccasin barely misses the adder.
You closely miss the adder.
You kill the adder!
You feel sick.
You see here an adder corpse.
You feel sick.
There is a stone staircase leading up here.
You climb upwards.
Your summoned ally is left behind.
You feel sick.
There is a stone staircase leading down here.
Unknown command.
Your transformation is almost over.
You feel sick.
Found a ration.
You feel sick.
You see here a ration.
You eat the ration.
That ration really hit the spot!
Your horns disappear.
You feel sick.
You feel sick.
You are no longer poisoned.
There is a stone staircase leading down here.
You climb downwards.
There is a stone staircase leading up here.
Unknown command.
You see here 8 poisoned needles.
A quokka comes into view.
Casting: Beastly Appendage (safe; 3% risk of failure)
Confirm with . or Enter, or press ? or * to list all spells.
Your feet morph into talons.
Found 22 arrows.
You barely miss the quokka.
Your water moccasin misses the quokka.
The quokka completely misses you.
You closely miss the quokka. You bite the quokka, but do no damage.
Your water moccasin bites the quokka!
The quokka dies!
Found a whip.
Found a glowing golden altar of the Shining One.
You see here 22 arrows.
a - 33 arrows (gained 22)
You swap places.
Your water moccasin withers and dies!
Your transformation is almost over.
You see here 8 poisoned needles.
There is a stone staircase leading up here.
You see here an adder corpse.
Your talons disappear.
There is a stone staircase leading up here.
A hobgoblin comes into view.
Casting: Beastly Appendage (safe; 3% risk of failure)
Confirm with . or Enter, or press ? or * to list all spells.
You grow a pair of large bovine horns.
The hobgoblin shouts!
You hit the hobgoblin. Your punch misses the hobgoblin.
The hobgoblin is almost dead.
The hobgoblin hits you.
You punch the hobgoblin!
You kill the hobgoblin!
Found a ration.
A worm comes into view.
You see here a ration.
d - 2 rations (gained 1)
Casting: Beastly Appendage (safe; 3% risk of failure)
Confirm with . or Enter, or press ? or * to list all spells.
You extend your transformation's duration.
You barely miss the worm. You hit the worm. You headbutt the worm.
Your punch misses the worm.
The worm is moderately wounded.
The worm bites you.
* * * LOW HITPOINT WARNING * * *
You barely miss the worm.
The worm is moderately wounded.
You hit the worm. Your headbutt misses the worm.
The worm is heavily wounded.
The worm bites you.
* * * LOW HITPOINT WARNING * * *
You punch the worm!
You kill the worm!
Found a scroll labeled RERONE JI QUKK.
You see here a worm corpse.
Found 6 gold pieces.
A worm comes into view.
Wield which item (- for none, * to show all)? (? for menu, Esc to quit)
Okay, then.
The helpless worm fails to defend itself.
You hit the worm. Your headbutt misses the worm.
The worm is lightly wounded.
You hit the worm. You headbutt the worm.
The worm is moderately wounded.
The worm misses you.
You punch the worm!
The worm is heavily wounded.
You hit the worm but do no damage.
The worm is heavily wounded.
The worm bites you.
* * * LOW HITPOINT WARNING * * *
You hit the worm but do no damage. You headbutt the worm.
The worm is almost dead.
The worm bites you!
You die...

#########
#.# #.# #.#
#.# #.# ###
#†#
..##.#######
#w#.......#
#@..####.# ∆
#...# #.#.#
.##.# .# ?#
# .. .$


You could see a worm.

Vanquished Creatures
  An adder (D:2)
  A worm (D:2)
  2 giant cockroaches (D:1)
  A goblin (D:1)
  A hobgoblin (D:2)
  A kobold (D:1)
  A bat (D:2)
  3 rats (D:1)
11 creatures vanquished.

Vanquished Creatures (collateral kills)
  A quokka (D:2)
1 creature vanquished.

Grand Total: 12 creatures vanquished

Notes
Turn   | Place    | Note
-------+----------+-------------------------------------------
     0 | D:1      | tidbits the Gnoll Transmuter began the quest for the Orb.
     0 | D:1      | Reached XP level 1. HP: 17/17 MP: 6/6
    84 | D:1      | Reached XP level 2. HP: 23/23 MP: 7/7
    88 | D:1      | Learned a level 2 spell: Sticks to Snakes
   184 | D:2      | Found a glowing golden altar of the Shining One.
   244 | D:2      | Mangled by a worm

Vault maps used:
D:1:      lemuel_arrival_cross
D:2:      marbit_many_paths, uniq_terence

Action                   || total
-------------------------++-------
Melee: Unarmed           ||    28
       Kick              ||     2
       Headbutt          ||     5
       Bite              ||     1
 Cast: Beastly Appendage ||     8
       Sticks to Snakes  ||     1
 Stab: Sleeping          ||     2
  Eat: Ration            ||     1
Armor: Robe              ||     2
Dodge: Dodged            ||     9

Table legend:
 A = Spawn XP
 B = Non-spawn XP
 C = Spawn XP percentage of total XP
 D = Spawn monster count
 E = Non-spawn monster count
 F = Spawn count percentage of total count
 G = Total turns spent on level
                    A         B        C        D         E        F      G
               +---------+---------+-------+---------+---------+-------+---------
         Total |       0 |      32 |   0.0 |       0 |      12 |   0.0 |   244
               +---------+---------+-------+---------+---------+-------+---------
           D:1 |       0 |      11 |   0.0 |       0 |       7 |   0.0 |   149
           D:2 |       0 |      21 |   0.0 |       0 |       5 |   0.0 |    95
               +---------+---------+-------+---------+---------+-------+---------

Table legend:
 A = Turns spent in this place as a percentage of turns spent in the entire game.
 B = Non-inter-level travel turns spent in this place as a percentage of non-inter-level travel turns spent in the entire game.
 C = Inter-level travel turns spent in this place as a percentage of turns spent in this place.
 D = Turns resting spent in this place as a percentage of non-inter-level travel turns spent in this place.
 E = Turns spent auto-exploring this place as a percentage of non-inter-level travel turns spent in this place.
 F = Non-inter-level travel turns spent in this place divided by the number of levels of this place that you've seen.
                   A       B       C       D       E      F
               +-------+-------+-------+-------+-------+----------------------
         Total | 100.0 | 100.0 |   0.0 |   0.0 |   0.0 | 122.0
       Dungeon | 100.0 | 100.0 |   0.0 |   0.0 |   0.0 | 122.0
               +-------+-------+-------+-------+-------+----------------------

Table legend:
 A = Kills in this place as a percentage of kills in entire the game.
 B = Kills by you in this place as a percentage of kills by you in the entire game.
 C = Kills by friends in this place as a percentage of kills by friends in the entire game.
 D = Other kills in this place as a percentage of other kills in the entire game.
 E = Experience gained in this place as a percentage of experience gained in the entire game.
 F = Experience gained in this place divided by the number of levels of this place that you have seen.
                   A       B       C       D       E      F
               +-------+-------+-------+-------+-------+----------------------
         Total | 100.0 | 100.0 | 100.0 |   N/A | 100.0 |  16.0
       Dungeon | 100.0 | 100.0 | 100.0 |   N/A | 100.0 |  16.0
               +-------+-------+-------+-------+-------+----------------------

Vault maps used:
D:1:      lemuel_arrival_cross
D:2:      marbit_many_paths, uniq_terence
